 Dungeon Crawl Stone Soup version 0.17-a0-1685-g57e755e (webtiles) character file.

170 George the Cudgeler (level 5, -1/32 HPs)
             Began as a Gargoyle Fighter on Aug 19, 2015.
             Slain by an ogre
             ... wielding a +0 giant club
              (7 damage)
             ... on level 4 of the Dungeon.
             The game lasted 00:04:48 (2435 turns).

George the Cudgeler (Gargoyle Fighter)              Turns: 2435, Time: 00:04:48

Health: -1/32      AC: 14    Str: 20    XL:     5   Next: 51%
Magic:  5/5        EV:  7    Int:  9    God:
Gold:   152        SH:  9    Dex:  9    Spells: 0 memorised, 4 levels left

rFire  . . .     SeeInvis +     q - +0 mace (crush)
rCold  . . .     Clarity  .     r - +0 chain mail (curse)
rNeg   + . .     SustAt   .     c - +0 shield
rPois  ∞         Gourm    .     (no helmet)
rElec  +         Spirit   .     (no cloak)
rCorr  .         Warding  .     p - +0 pair of gloves
rMut   .         Stasis   .     (no boots)
MR     .....                    (no amulet)
Stlth  ..........               s - ring of see invisible
                                g - +2 ring of evasion

@: not resistant to hostile enchantments, extremely unstealthy
A: negative energy resistance 1, electricity resistance, unbreathing,
petrification resistance, rot immunity, AC +4
a: no special abilities


You were on level 4 of the Dungeon.
You were not hungry.

You visited 2 branches of the dungeon, and saw 5 of its levels.

You collected 152 gold pieces.

Inventory:

Hand weapons
 q - a +0 mace of crushing (weapon)
Armour
 c - a +0 shield (worn)
 p - a +0 pair of gloves (worn)
 r - a cursed +0 chain mail (worn)
Jewellery
 g - a +2 ring of evasion (left hand)
 s - a ring of see invisible (right hand)
Scrolls
 f - a scroll of random uselessness {unknown}
 h - 2 scrolls of magic mapping {unknown}
 j - 4 scrolls of identify {unknown}
 l - 2 scrolls of fear {unknown}
 m - a scroll of amnesia {unknown}
 n - a scroll of enchant weapon {unknown}
 o - a scroll of remove curse {unknown}
Potions
 d - 2 potions of might
 i - 4 potions of curing {unknown}
 k - a potion of beneficial mutation {unknown}
 t - a potion of magic {unknown}
 u - a potion of agility {unknown}
Comestibles
 e - 2 bread rations
 v - a slice of pizza
 w - a chunk of flesh


   Skills:
 - Level 3.2 Fighting
 + Level 5.5 Maces & Flails
 - Level 3.3 Armour
 - Level 3.3 Shields


You had 4 spell levels left.
You didn't know any spells.

Dungeon Overview and Level Annotations

Branches:
Dungeon (4/15)             Temple (1/1) D:4

Altars:
Elyvilon
Fedhas
Kikubaaqudgha
Nemelex Xobeh
Qazlal
Ru
Sif Muna
Xom
Yredelemnul
The Shining One


Innate Abilities, Weirdness & Mutations

You are resistant to torment.
Your stone body is resilient (AC +4).
You are immune to poison.
You resist negative energy.
You are resistant to electric shocks.
You can survive without breathing.
You are immune to petrification.
You are immune to rotting.


Message History

An ogre comes into view. It is wielding a giant club.
The ogre shouts!
You hit the ogre.
The ogre is lightly wounded.
The ogre closely misses you.
You sock the ogre!
The ogre is heavily wounded.
The ogre hits you with a giant club!!
Ouch! That really hurt!
* * * LOW HITPOINT WARNING * * *
Your shield prevents you from hitting the ogre.
The ogre is heavily wounded.
The ogre hits you but does no damage.
You barely miss the ogre.
The ogre is heavily wounded.
The ogre barely misses you.
You completely miss the ogre.
The ogre is heavily wounded.
The ogre hits you with a giant club!
You die...

## .. . #. .##
#.. #.# #.#
#O###.#
###@....#
.####......##
...........#
.......#...#
.......
......###..#
..........##...
##.#
..........##...
#.#
..............#
#.#
.........#####
#.#


You could see an ogre.

Vanquished Creatures
  An orc wizard (D:3)
  6 adders
  A gnoll (D:1)
  An ooze (D:2)
  2 worms (D:2)
  3 giant geckos
  10 orcs (D:3)
  4 bats
  5 giant cockroaches
  6 goblins
  7 hobgoblins
  5 kobolds
  A quokka (D:4)
  A ball python (D:3)
  4 giant newts
  6 rats
63 creatures vanquished.

Notes
Turn   | Place    | Note
--------------------------------------------------------------
     0 | D:1      | George the Gargoyle Fighter began the quest for the Orb.
     0 | D:1      | Reached XP level 1. HP: 14/14 MP: 1/1
   250 | D:1      | Reached XP level 2. HP: 14/19 MP: 2/2
   446 | D:1      | Reached XP level 3. HP: 14/23 MP: 3/3
   910 | D:2      | Reached skill level 4 in Maces & Flails
   945 | D:2      | Reached XP level 4. HP: 21/28 MP: 4/4
  1439 | D:3      | Found a blossoming altar of Fedhas.
  1693 | D:3      | Reached XP level 5. HP: 32/32 MP: 5/5
  1702 | D:3      | Reached skill level 5 in Maces & Flails
  1753 | D:3      | Found a stormy altar of Qazlal.
  2034 | D:3      | Found a blossoming altar of Fedhas.
  2311 | D:4      | Found a staircase to the Ecumenical Temple.
  2325 | Temple   | Entered the Ecumenical Temple
  2427 | D:4      | Noticed an ogre
  2435 | D:4      | Slain by an ogre

Vault maps used:
D:1:      mrwooster_arrival_statue_2, st_stairs_2, kennysheep_minor_cross
D:2:      first_bread, minmay_misc_feat_ornament
D:3:      grunt_temple_overflow_forces_of_nature, grunt_ministairs_12,
          st_stairs_3, minivault_24, fedhas_altar_4
D:4:      minitemple, minmay_temple_entry_statues_pillars, serial_shops,
          shop_statue
Temple:   temple_eino_lava_8

Action                   |  1- 3 |  4- 6 || total
-------------------------+-------+-------++-------
Melee: Flail             |   117 |    62 ||   179
       Mace              |       |    90 ||    90
  Eat: Chunk             |       |     5 ||     5
